AoeStats
← Kez

Fortress

507760593Analyzed
3v3 RM · 13d ago on Sep 19, 2026· 38m 32s· 6 players
Game mode
Random Map
Map size
Large (8 player)
Population
200
Speed
Normal
Resources
Standard
Victory
Conquest
Starting age
Dark Age
Ending age
Imperial Age
RankedLock teamsTeams togetherTeam positionsShared explorationLock speedFull tech treeHidden civsTurbo modeCheats
Victory
Defeat
🇳🇱 Teutons · Netherlands
1304
+15
🇱🇹 Spanish · Lithuania
1273
+17
🇲🇽 Vikings · Mexico
1246
+18
🇮🇳 Hindustanis · India
1309
-18
🇮🇳 Persians · India
1296
-17
🇮🇳 Bohemians · India
1254
-15
Oveja de Batalla
9:26 Feudal Age
10:45 Loom
13:45 Castle Age
11:36 Double-Bit Axe
11:38 Horse Collar
11:32 Man-at-Arms
13:26 Town Watch
14:11 Long Swordsman
18:06 Scale Mail Armor
19:20 Gold Mining
21:02 Chain Mail Armor
24:51 Forging
26:12 Pikeman
27:18 Squires
32:24 Imperial Age
31:56 Bow Saw
31:48 Heavy Plow
33:18 Padded Archer Armor
33:09 Fletching
34:13 Plate Mail Armor
35:15 Two-Man Saw
36:32 Chemistry
35:53 Ballistics
35:20 Two-Handed Swordsman
37:19 Gold Shaft Mining
37:22 Champion
39:23 Iron Casting
38:54 Scale Barding Armor
Kez
8:15 Feudal Age
12:02 Castle Age
10:38 Double-Bit Axe
15:47 Horse Collar
17:05 Loom
19:51 Heavy Plow
20:14 Bloodlines
23:49 Wheelbarrow
23:00 Town Watch
27:37 Imperial Age
25:41 Gold Mining
25:43 Stone Mining
26:29 Hand Cart
26:14 Town Patrol
26:20 Scale Barding Armor
28:00 Forging
28:16 Bow Saw
27:41 Cavalier
30:05 Chain Barding Armor
30:26 Iron Casting
30:17 Paladin
31:45 Plate Barding Armor
32:12 Conscription
32:09 Masonry
32:13 Fortified Wall
35:36 Blast Furnace
35:16 Coinage
36:31 Banking
Bangputys
8:29 Feudal Age
10:05 Double-Bit Axe
10:13 Gold Mining
10:07 Horse Collar
12:40 Castle Age
13:42 Bow Saw
19:03 Padded Archer Armor
20:23 Wheelbarrow
20:10 Town Watch
24:00 Hand Cart
25:35 Bloodlines
25:37 Husbandry
28:13 Town Patrol
31:11 Leather Archer Armor
31:18 Loom
38:49 Imperial Age
36:18 Stone Mining
PsyBorg
7:37 Feudal Age
11:40 Castle Age
10:00 Double-Bit Axe
9:57 Horse Collar
12:31 Bow Saw
12:23 Heavy Plow
17:09 Loom
24:02 Wheelbarrow
23:58 Forging
23:53 Scale Barding Armor
25:22 Hand Cart
27:51 Imperial Age
26:14 Iron Casting
26:04 Gold Mining
27:53 Chain Barding Armor
29:19 Blast Furnace
28:44 Conscription
28:42 Bloodlines
28:32 Husbandry
28:03 Cavalier
30:29 Plate Barding Armor
29:39 Savar
30:24 Pikeman
31:04 Squires
31:06 Scale Mail Armor
33:59 Crop Rotation
35:06 Caravan
35:18 Guilds
✪ rockhound ツ
6:48 Feudal Age
8:42 Double-Bit Axe
8:37 Horse Collar
9:47 Loom
13:52 Castle Age
19:05 Imperial Age
17:23 Bow Saw
17:30 Fervor
18:34 Chemistry
18:08 Heavy Plow
18:10 Town Watch
19:08 Padded Archer Armor
19:00 Fletching
22:09 Wheelbarrow
23:23 Pikeman
29:12 Leather Archer Armor
29:29 Hand Cart
32:15 Treadmill Crane
35:01 Conscription
35:07 Fortified Wall
34:54 Murder Holes
Adi
8:27 Feudal Age
9:14 Double-Bit Axe
9:11 Horse Collar
12:04 Castle Age
12:11 Fletching
14:01 Loom
15:40 Elite Skirmisher
20:47 Ballistics
29:16 Wheelbarrow
28:43 Heavy Plow
30:56 Hand Cart
34:35 Scale Barding Armor
37:16 Imperial Age
35:07 Forging
35:52 Chain Barding Armor
35:36 Husbandry
36:03 Bloodlines
35:52 Town Watch
36:59 Caravan
37:35 Heavy Camel Rider
Connection lost

Rejoining the realm…

Still unreachable

The connection could not be restored.

Session expired

The server has moved on; the page needs a fresh start.